 Dungeon Crawl Stone Soup version 0.30-a0-170-g85af917532 (webtiles) character file.

Game seed: 6043870407319540884

107 qw the Chopper (level 4, 0/28 HPs)
             Began as a Gargoyle Fighter on Sept 30, 2022.
             Slain by Pargi (4 damage)
             ... on level 2 of the Dungeon.
             The game lasted 00:00:46 (1852 turns).

qw the Chopper (Gargoyle Fighter)                   Turns: 1852, Time: 00:00:47

Health: 0/28       AC: 10    Str: 21    XL:     4   Next: 86%
Magic:  4/4        EV:  9    Int:  9    God:
Gold:   87         SH:  4    Dex:  9    Spells: 3/3 levels left

rFire   . . .      SeeInvis .    Y - +0 war axe
rCold   . . .      Faith    .    c - +0 buckler
rNeg    + . .      Spirit   .    b - +0 scale mail
rPois   inf        Reflect  .    (no helmet)
rElec   +          Harm     .    (no cloak)
rCorr   .          Rampage  .    (no gloves)
Will    .....                    (no boots)
Stlth   ..........               (no amulet)
HPRegen 0.09/turn                (no ring)
MPRegen 0.09/turn                (no ring)

@: no status effects
A: sickness immunity, AC +3, negative energy resistance 1, electricity
resistance, torment resistance 1, petrification resistance
a: no special abilities


You were on level 2 of the Dungeon.
You visited 1 branch of the dungeon, and saw 3 of its levels.

You collected 87 gold pieces.


Innate Abilities, Weirdness & Mutations

You are immune to sickness and miasma.
Your stone body is resilient. (AC +3)
You are immune to poison.
You resist negative energy. (rN+)
You are resistant to electric shocks. (rElec)
You are resistant to unholy torment.
You are immune to petrification.


   Skills:
 - Level 3.2 Fighting
 + Level 4.4 Axes
 - Level 3.2 Armour
 - Level 3.2 Shields


You had 3 spell levels left.
You didn't know any spells.
Your spell library was empty.

Inventory:

Hand Weapons
 i - a +1 hand axe of flaming
 Y - a +0 war axe (weapon)
Armour
 b - a +0 scale mail (worn)
 c - a +0 buckler (worn)
Scrolls
 f - a scroll of identify
Potions
 d - a potion of might
 e - a potion of haste {unknown}
 g - a potion of magic {unknown}
 h - a potion of heal wounds {unknown}
 l - a potion of curing {unknown}

Dungeon Overview and Level Annotations

Branches:
Dungeon (3/15)

Altars:

Annotations:
D:2 Pargi


Message History

Enter note: You hit Pargi.
Pargi is lightly wounded.
Pargi snarls, "Go!
Away!"
Pargi barely misses you. Pargi claws you but does no damage. x2
Pargi bites you! You block Pargi's attack. x2
You catch the helpless Pargi completely off-guard!
You hit Pargi.
Pargi is lightly wounded.
Pargi closely misses you. Pargi barely misses you.
Pargi claws you but does no damage.
You closely miss Pargi. Pargi bites you. You block Pargi's attack.
Pargi completely misses you.
You closely miss Pargi.
You flicker for a moment.
Pargi barely misses you. Pargi claws you but does no damage.
Pargi closely misses you. x2; Pargi claws you but does no damage.
Pargi barely misses you.
You closely miss Pargi. Pargi barely misses you.
Pargi claws you but does no damage. x2
You closely miss Pargi. Pargi closely misses you.
Pargi claws you but does no damage. You block Pargi's attack.
You hit Pargi.
Pargi is lightly wounded.
Pargi barely misses you. Pargi claws you but does no damage. Pargi claws you.
Pargi bites you but does no damage. Pargi closely misses you.
You block Pargi's attack.
You miss Pargi.
Pargi is lightly wounded.
You flicker back into view.
Pargi looks very sad for a moment.
Pargi bites you. Pargi claws you. Pargi closely misses you.
You barely miss Pargi.
Pargi is lightly wounded.
Pargi barely misses you. x2; Pargi claws you.
You hit Pargi.
Pargi is lightly wounded.
Pargi bites you.
You die...

#.#.#####......##.#%....# ##
#.#.....#.#....##.#.....#
#.#...#.#.#....'..#.....#
#.###.#...#....####.....# #.#
#.###.....#####.....# #.###.#
#.#.......#.....# ####.#...#
#.#.......#.)...#
#.##.#.#.###.#>......#######
##.#..........#.@.....#
...#..###.##...T......#
..##.......##.#.......# ####
..##.####.....#...<...########...
..##.# ##.####.......##.#.#.#.#.
<...)# #.# #.......#.....%..).
.##### #.# #.......##.#.#.#.#. .#
#.# #.......#.......... .######
#########....##.#.#.#.#.


You could see Pargi.

Vanquished Creatures
  A gnoll (D:2)
  5 adders (D:2)
  A dart slug (D:1)
  3 bats
  2 endoplasms (D:2)
  2 giant cockroaches (D:1)
  6 goblins
  6 jackals
  8 kobolds
  3 quokkas
  4 ball pythons
  3 frilled lizards
  5 rats
49 creatures vanquished.

Notes
Turn   | Place    | Note
-------+----------+-------------------------------------------
     0 | D:1      | qw the Gargoyle Fighter began the quest for the Orb.
     0 | D:1      | Reached XP level 1. HP: 14/14 MP: 1/1
     0 | D:1      | 0 ||| qw: Version: 0.2-a-12-gaebbb33
     0 | D:1      | 0 ||| qw: Game counter: 1459
     0 | D:1      | 0 ||| qw: Always use a shield: true
     0 | D:1      | 0 ||| qw: God list: Okawaru
     0 | D:1      | 0 ||| qw: Allow faded altars: false
     0 | D:1      | 0 ||| qw: Do Orc after D:15 true
     0 | D:1      | 0 ||| qw: Do second Lair branch before Depths: true
     0 | D:1      | 0 ||| qw: Lair rune preference: random
     0 | D:1      | 0 ||| qw: Plans: Normal, Zot:1-4, God:TSO, Crypt, Tomb,
                  | Pan, Slime:5, Hells, Abyss, Orb
     0 | D:1      | 0 ||| PLANNING D:1-11
    39 | D:1      | 39 ||| Stepping ~*~*~tactically~*~*~ (hiding).
    40 | D:1      | 40 ||| Stepping ~*~*~tactically~*~*~ (hiding).
    48 | D:1      | Reached skill level 2 in Axes
    53 | D:1      | Reached XP level 2. HP: 19/19 MP: 2/2
   122 | D:1      | Found a faded altar of an unknown god.
   199 | D:1      | 199 ||| DROPPING +0 club.
   278 | D:1      | 278 ||| Stepping ~*~*~tactically~*~*~ (stealth).
   321 | D:1      | 321 ||| Stepping ~*~*~tactically~*~*~ (stealth).
   322 | D:1      | 322 ||| Stepping ~*~*~tactically~*~*~ (stealth).
   330 | D:1      | Reached skill level 3 in Axes
   342 | D:1      | Reached XP level 3. HP: 23/23 MP: 3/3
   663 | D:1      | 663 ||| DROPPING +6 ring of intelligence.
   664 | D:1      | 664 ||| READING scroll labelled POITSA PEZOL.
   665 | D:1      | 665 ||| READING scroll labelled ZYC ISATIRCH.
   666 | D:1      | 666 ||| READING scroll labelled QUM QUXASCHIO.
   671 | D:1      | 671 ||| READING scroll labelled LEOCANNESO.
   868 | D:2      | 868 ||| Stepping ~*~*~tactically~*~*~ (stealth).
   875 | D:2      | Reached XP level 4. HP: 28/28 MP: 4/4
   973 | D:2      | Reached skill level 4 in Axes
  1505 | D:2      | Identified the +6 sling of Kanac {freeze, Will+ Str+6
                  | Int-3}
  1507 | D:2      | 1507 ||| Stepping ~*~*~tactically~*~*~ (hiding).
  1508 | D:2      | 1508 ||| Stepping ~*~*~tactically~*~*~ (hiding).
  1809 | D:2      | 1809 ||| READING scroll labelled USTRAU CANEK.
  1810 | D:2      | 1810 ||| DRINKING 2 yellow potions.
  1811 | D:2      | 1811 ||| DROPPING potion of invisibility.
  1837 | D:3      | Noticed Pargi
  1841 | D:3      | 1841 ||| STAIRDANCE
  1850 | D:2      | HP: 7/28 [Pargi (1)]
  1852 | D:2      | Slain by Pargi

Levels and vault maps discovered:
D:1:      heliophobic_arrival_ceremonial_halls, layout_rooms,
          dreamdust_ecumenical_altar_angels_and_demons
D:2:      layout_basic, amcnicky_mini_corridor_feature, st_stairs_12,
          cheibrodos_gnoll_hut
D:3:      layout_loops_ring, makhleb_altar_promises_db,
          small_statue_intersection, uniq_pargi

Skill      XL: |  1  2  3  4 |
---------------+-------------+-----
Axes           | 2 3 4 |  4.4
Fighting       | |  3.2
Armour         | |  3.2
Shields        | |  3.2

Action                   |  1- 3 |  4- 6 || total
-------------------------+-------+-------++-------
Melee: War axe           |    90 |    74 ||   164
  Use: Scroll            |     4 |     1 ||     5
       Potion            |       |     1 ||     1
 Stab: Invisible         |       |     1 ||     1
Armor: Scale mail        |    51 |    51 ||   102
Dodge: Dodged            |    50 |    49 ||    99
Block: Buckler           |    16 |    21 ||    37

Table legend:
 A = Non-vault XP
 B = Vault XP
 C = Vault XP percentage of total XP
 D = Non-vault monster count
 E = Vault monster count
 F = Vault count percentage of total count
                 A         B        C        D         E       F
            +---------+---------+-------+---------+---------+-------
      Total |     121 |      33 |  21.4 |      44 |       5 |  10.2
            +---------+---------+-------+---------+---------+-------
        D:1 |      47 |       0 |   0.0 |      27 |       0 |   0.0
        D:2 |      74 |      33 |  30.8 |      17 |       5 |  22.7
            +---------+---------+-------+---------+---------+-------
